 Dungeon Sprint DCSS version 0.29.1-12-g30fa7ad0bf (webtiles) character file.

Game seed: 13271647009583272622

2849 boopmooplesden the Severer (level 9, -9/93 HPs)
             Began as a Minotaur Fighter on Dec 14, 2022.
             Was an Elder of Okawaru.
             Mangled by a six-headed hydra (11 damage)
             ... in the Dungeon (Sprint IX: "|||||||||||||||||||||||||||||").
             The game lasted 00:01:31 (684 turns).

boopmooplesden the Severer (Minotaur Fighter)        Turns: 684, Time: 00:01:32

Health: -9/93      AC: 17    Str: 31    XL:     9   Next: 46%
Magic:  4/9        EV: 11    Int:  5    God:    Okawaru [****..]
Gold:   0          SH:  8    Dex: 10    Spells: 8/8 levels left

rFire   . . .      SeeInvis .   m - +1 broad axe (freeze)
rCold   . . .      Faith    .   c - +0 buckler
rNeg    . . .      Spirit   .   o - +1 chain mail
rPois   .          Reflect  .   (helmet restricted)
rElec   .          Harm     .   (no cloak)
rCorr   .          Rampage  .   n - +0 pair of gloves
Will    .....      NoTele   +   (no boots)
Stlth   ..........              (no amulet)
HPRegen 0.25/turn               p - +3 ring of strength
MPRegen 0.11/turn               q - +3 ring of strength

@: heroic
A: horns 2, retaliatory headbutt
a: Renounce Religion, Heroism, Finesse


You were in the Dungeon.
You worshipped Okawaru.
Okawaru was greatly pleased with you.
You visited 1 branch

Inventory:

Hand Weapons
 a - a +0 war axe
 m - a +1 broad axe of freezing (weapon)
Armour
 b - a +0 scale mail
 c - a +0 buckler (worn)
 n - a +0 pair of gloves (worn)
 o - a +1 chain mail (worn)
Jewellery
 p - a +3 ring of strength (left hand)
 q - a +3 ring of strength (right hand)
Wands
 l - a wand of light (10)
Scrolls
 j - a scroll of blinking
 k - 2 scrolls of amnesia
Potions
 e - 5 potions of curing
 f - a potion of heal wounds
 h - 4 potions of magic
 i - a potion of invisibility


   Skills:
 + Level 13.6(18.6) Fighting
 + Level 15.2(20.2) Axes
 + Level 13.3(18.3) Armour
 + Level 2.1(7.1) Dodging
 + Level 0.2(5.2) Stealth
 + Level 11.2(16.2) Shields
 + Level 1.4 Invocations


You had 8 spell levels left.
You didn't know any spells.
Your spell library was empty.

Dungeon Overview and Level Annotations

Branches:
Dungeon (1/1)

Altars:
Cheibriados
Dithmenos
Elyvilon
Fedhas
Gozag
Hepliaklqana
Kikubaaqudgha
Makhleb
Nemelex Xobeh
Okawaru
Qazlal
Ru
Sif Muna
Trog
Uskayaw
Vehumet
Wu Jian
Xom
Yredelemnul
Zin
The Shining One
Jiyva
Lugonu


Innate Abilities, Weirdness & Mutations

You have a pair of horns on your head.
You reflexively headbutt those who attack you in melee.


Message History

You gain the combat prowess of a mighty hero.
The troll bites you but does no damage. The troll claws you!
* * * LOW HITPOINT WARNING * * *
The troll barely misses you.
You slice the troll!! You freeze the troll.
The troll is heavily wounded.
You block the troll's attack. The troll misses you.
The troll barely misses you.
You slash the troll! You freeze the troll.
The troll is almost dead.
You hit the troll. You freeze the troll.
You kill the troll!
Okawaru accepts your kill.
Your base Shields skill increases to level 11!
You slash the green ugly thing! You freeze the green ugly thing.
You headbutt the green ugly thing.
The green ugly thing is moderately wounded.
The green ugly thing kicks you but does no damage.
You slash the green ugly thing! You freeze the green ugly thing.
The green ugly thing is severely wounded.
The green ugly thing kicks you but does no damage.
You slice the green ugly thing!! You freeze the green ugly thing!
You kill the green ugly thing!
Okawaru is honoured by your kill.
You can now speed up your combat.
Your base Axes skill increases to level 15!
Your base Dodging skill increases to level 2!
You hit the six-headed hydra but do no damage.
You headbutt the six-headed hydra!
The six-headed hydra is moderately wounded.
The six-headed hydra bites you but does no damage. x3
You block the six-headed hydra's attack.
The six-headed hydra bites you.
* * * LOW HITPOINT WARNING * * *
The six-headed hydra bites you but does no damage.
You hit the six-headed hydra but do no damage.
The six-headed hydra is moderately wounded.
The six-headed hydra bites you!
* * * LOW HITPOINT WARNING * * *
The six-headed hydra bites you!
You die... ▓▓▓▓▓▓▓▓▓▓▓▓▓▓▓▓▓▓▓▓▓▓▓ +....D@).....)'...[..). ▓▓▓▓▓▓▓▓▓▓▓▓▓▓▓▓▓▓▓▓▓▓▓

You could see a six-headed hydra.

Vanquished Creatures
  2 centaur warriors (D)
  An ugly thing (D)
  An efreet (D)
  2 trolls (D)
  A shadow (D)
  A steam dragon (D)
  A black bear (D)
  A necrophage (D)
  A scorpion (D)
  A wight (D)
  A killer bee (D)
  A howler monkey (D)
  A hound (D)
  2 dart slugs (D)
  3 ball pythons (D)
  A bat (D)
21 creatures vanquished.

Notes
Turn   | Place    | Note
-------+----------+-------------------------------------------
     0 | D        | boopmooplesden the Minotaur Fighter began the quest for the
                  | Orb.
     0 | D        | Reached XP level 1. HP: 19/19 MP: 0/0
    19 | D        | Noticed a necrophage
    19 | D        | Noticed a scorpion
    19 | D        | Noticed a hound
    19 | D        | Noticed a black bear
    23 | D        | Killed a black bear
    24 | D        | Reached skill level 4 in Axes
    24 | D        | Reached XP level 2. HP: 26/31 MP: 1/1
    24 | D        | Reached XP level 3. HP: 32/38 MP: 2/2
    24 | D        | Reached XP level 4. HP: 38/45 MP: 3/3
    26 | D        | Reached skill level 5 in Axes
    28 | D        | Killed a scorpion
    29 | D        | Reached skill level 6 in Axes
    29 | D        | Reached XP level 5. HP: 41/53 MP: 4/4
   189 | D        | Found a snail-covered altar of Cheibriados.
   189 | D        | Found a shadowy altar of Dithmenos.
   189 | D        | Found a white marble altar of Elyvilon.
   189 | D        | Found a blossoming altar of Fedhas.
   189 | D        | Found an opulent altar of Gozag.
   190 | D        | Found a hazy altar of Hepliaklqana.
   191 | D        | Found a viscous altar of Jiyva.
   192 | D        | Found an ancient bone altar of Kikubaaqudgha.
   193 | D        | Found a corrupted altar of Lugonu.
   194 | D        | Found a burning altar of Makhleb.
   195 | D        | Found a sparkling altar of Nemelex Xobeh.
   196 | D        | Found an iron altar of Okawaru.
   197 | D        | Found a stormy altar of Qazlal.
   198 | D        | Found a sacrificial altar of Ru.
   199 | D        | Found a shimmering blue altar of Sif Muna.
   200 | D        | Found a bloodstained altar of Trog.
   201 | D        | Found a hide-covered altar of Uskayaw.
   202 | D        | Found a radiant altar of Vehumet.
   203 | D        | Found an ornate altar of the Wu Jian Council.
   204 | D        | Became a worshipper of Warmaster Okawaru
   205 | D        | Found a shimmering altar of Xom.
   206 | D        | Found a basalt altar of Yredelemnul.
   207 | D        | Found a glowing silver altar of Zin.
   208 | D        | Found a glowing golden altar of the Shining One.
   254 | D        | Noticed a troll
   254 | D        | Noticed a shadow
   254 | D        | Noticed a steam dragon
   261 | D        | Reached skill level 7 in Axes
   261 | D        | Reached XP level 6. HP: 49/63 MP: 5/5
   277 | D        | Killed a steam dragon
   277 | D        | Reached * piety under Okawaru
   278 | D        | Reached skill level 10 in Fighting
   278 | D        | Reached skill level 8 in Axes
   278 | D        | Reached skill level 10 in Armour
   284 | D        | Killed a shadow
   285 | D        | Reached skill level 9 in Axes
   285 | D        | Reached XP level 7. HP: 13/73 MP: 6/6
   295 | D        | Killed a troll
   296 | D        | Reached skill level 10 in Axes
   296 | D        | Reached skill level 10 in Shields
   653 | D        | Noticed a six-headed hydra
   653 | D        | Noticed a green ugly thing
   653 | D        | Noticed a troll
   653 | D        | Noticed a centaur warrior
   653 | D        | Noticed a centaur warrior
   653 | D        | Noticed an efreet
   662 | D        | Killed an efreet
   663 | D        | Reached skill level 11 in Axes
   663 | D        | Reached XP level 8. HP: 31/83 MP: 4/7
   672 | D        | Killed a centaur warrior
   672 | D        | Reached ** piety under Okawaru
   672 | D        | Reached *** piety under Okawaru
   673 | D        | Reached skill level 12 in Axes
   673 | D        | Reached skill level 1 in Dodging
   675 | D        | Killed a centaur warrior
   676 | D        | Reached skill level 14 in Axes
   676 | D        | Reached skill level 1 in Invocations
   676 | D        | Reached XP level 9. HP: 18/93 MP: 6/8
   679 | D        | Killed a troll
   682 | D        | Killed a green ugly thing
   682 | D        | Reached **** piety under Okawaru
   683 | D        | Reached skill level 15 in Axes
   684 | D        | HP: 2/93 [six-headed hydra (8)]
   684 | D        | Mangled by a six-headed hydra

Illustrated notes

Levels and vault maps discovered:
D:        linesprint [early_d, line_temple, items_1, d_10, items_2, lair_1,
          lair_end, items_3, orc_1, orc_end, items_4, d_15, swamp_1, shoals_1,
          snake_1, spider_1, d_20, vaults_1, items_5, swamp_end, shoals_end,
          snake_end, spider_end, vaults_end, d_27, items_6, zot_1, zot_end,
          crypt_end, forest_end, elf_end, slime_end, tomb_end, abyss_end,
          pan_hell_end]

Skill      XL: |  1  2  3  4  5  6  7  8  9 |
---------------+----------------------------+-----
Fighting       | 6 8 9 10 11 13 | 13.6
Armour         | 6 7 8 10 11 13 | 13.3
Shields        | 6 7 8 9 10 11 | 11.2
Axes           | 4 6 7 9 11 14 15 | 15.2
Dodging        | 1 2 |  2.1
Invocations    | 1 |  1.4
Stealth        | |  0.2

Action                   |  1- 3 |  4- 6 |  7- 9 || total
-------------------------+-------+-------+-------++-------
Melee: War axe           |    12 |     8 |       ||    20
       Headbutt          |     1 |     3 |     6 ||    10
       Broad axe         |       |    29 |    30 ||    59
Invok: Heroism           |       |       |     3 ||     3
  Use: Potion            |     1 |     1 |     3 ||     5
       Scroll            |       |       |     1 ||     1
Armor: Scale mail        |     9 |     1 |       ||    10
       Chain mail        |       |    13 |    25 ||    38
Dodge: Dodged            |    11 |    11 |    13 ||    35
Block: Buckler           |     2 |     5 |    12 ||    19
